 Dungeon Crawl Stone Soup version 0.22-a0-512-g0943f25 (webtiles) character file.

49 Mgcat the Ruffian (level 3, 0/28 HPs)
             Began as a Draconian Transmuter on June 18, 2018.
             Succumbed to an adder's poison
             ... on level 2 of the Dungeon.
             The game lasted 00:02:29 (1005 turns).

Mgcat the Ruffian (Draconian Transmuter)            Turns: 1005, Time: 00:02:29

Health: 0/28       AC:  5    Str: 12    XL:     3   Next: 51%
Magic:  3/6        EV: 12    Int: 14    God:
Gold:   108        SH:  0    Dex: 11    Spells: 1/7 levels left

rFire    . . .     SeeInvis .     - Unarmed
rCold    . . .     Gourm    .   (no shield)
rNeg     . . .     Faith    .   (armour unavailable)
rPois    .         Spirit   .   (helmet restricted)
rElec    .         Reflect  .   (no cloak)
rCorr    .         Harm     .   (no gloves)
MR       .....                  (no boots)
Stlth    +.........             (no amulet)
HPRegen  0.09/turn              (no ring)
MPRegen  0.10/turn              (no ring)

@: lethally poisoned (0 -> -3)
A: unfitting armour, cold-blooded, AC +5
a: no special abilities


You were on level 2 of the Dungeon.
You were not hungry.

You visited 1 branch of the dungeon, and saw 2 of its levels.

You collected 108 gold pieces.

Inventory:

Missiles
 a - 27 arrows
Jewellery
 i - an uncursed ring of fire {unknown}
   (You found it on level 2 of the Dungeon)
Scrolls
 b - a scroll of blinking {unknown}
 e - a scroll of remove curse {unknown}
 f - a scroll of amnesia {unknown}
 g - a scroll of enchant weapon {unknown}
Potions
 h - a potion of might {unknown}
Comestibles
 c - a ration


   Skills:
 - Level 1.1 Fighting
 - Level 1.7 Dodging
 + Level 3.5 Unarmed Combat
 + Level 2.6 Spellcasting
 + Level 2.7 Transmutations
 + Level 0.2 Poison Magic


You had one spell level left.
You knew the following spells:

 Your Spells              Type           Power        Failure   Level  Hunger
a - Beastly Appendage     Tmut           #.....       8%          1    #......
b - Sticks to Snakes      Tmut           #.......     11%         2    ###....
c - Spider Form           Tmut/Pois      #.........   36%         3    ###....

Your spell library contained the following spells:

 Spells                   Type           Power        Failure   Level  Hunger
 Blade Hands              Tmut           #.........   90%         5    ######.
 Ice Form                 Ice/Tmut       #.......     77%         4    #####..


Dungeon Overview and Level Annotations

Branches:
Dungeon (2/15)

Altars:


Innate Abilities, Weirdness & Mutations

Your plain brown scales are hard. (AC +5)
You cannot fit into any form of body armour.
You are cold-blooded and may be slowed by cold attacks.


Message History

Your adder bites the adder.
The adder is poisoned.
Your adder poisons the adder!
The adder bites your adder.
Your adder bites the adder.
The adder dies!
Eating one of 3 chunks of flesh {@w0}.
You eat one of the 3 chunks of flesh {@w0}.
This raw flesh tastes terrible.
Your talons disappear.
You feel sick.
You are no longer poisoned.
HP restored.
Magic restored.
Your adder withers and dies!
There is a stone staircase leading up here.
An adder comes into view.
A worm comes into view.
The worm moves out of view.
Casting: Sticks to Snakes (safe; 11% risk of failure)
Confirm with . or Enter, or press ? or * to list all spells.
You grow a pair of large bovine horns.
The adder hisses angrily.
The adder barely misses you.
You hit the adder.
The adder is heavily wounded.
The adder completely misses you.
You closely miss the adder. Your headbutt misses the adder.
The adder is heavily wounded.
The adder bites you but does no damage.
You closely miss the adder.
The adder is heavily wounded.
The adder bites you.
You are poisoned.
The adder poisons you!
You miss the adder.
The adder is heavily wounded.
You feel sick. The adder bites you but does no damage.
The adder barely misses you.
All of the chunks of flesh in your inventory have rotted away.
You are too injured to fight recklessly!
You are too injured to fight recklessly!
You are too injured to fight recklessly!
Casting: Beastly Appendage (safe; 8% risk of failure)
Confirm with . or Enter, or press ? or * to list all spells.
You create a snake!
You now have 28 arrows.
Your transformation is almost over.
The worm bites you. The adder bites you. The adder barely misses you.
Your ball python bites the worm but does no damage.
Your ball python grabs the worm.
Your ball python constricts the worm.
The worm misses you.
You miss the adder. Your headbutt misses the adder.
The adder is heavily wounded.
The adder bites you.
You are more poisoned.
The adder poisons you!
Your ball python bites the worm.
Your ball python constricts the worm.
You barely miss the adder.
The adder is heavily wounded.
You feel sick. The adder completely misses you.
Your ball python bites the worm.
Your ball python constricts the worm.
The worm closely misses you. The adder barely misses you.
You closely miss the adder.
The adder is heavily wounded.
Your ball python bites the worm but does no damage.
Your ball python constricts the worm.
The adder bites you.
You closely miss the adder.
The adder is heavily wounded.
You feel sick.
Your ball python bites the worm.
Your ball python constricts the worm.
The adder bites you but does no damage. The worm closely misses you.
You hit the worm.
The worm is moderately wounded.
Your ball python bites the worm.
Your ball python constricts the worm.
The adder bites you but does no damage. The worm bites you.
* * * LOW HITPOINT WARNING * * *
Your ball python bites the worm.
Your ball python constricts the worm.
You hit the worm.
The worm is severely wounded.
* * * LOW HITPOINT WARNING * * *
You feel sick. The adder barely misses you.
Your ball python bites the worm.
Your ball python constricts the worm.
The adder closely misses you.
Your horns disappear.
Your ball python bites the worm.
Your ball python constricts the worm.
The worm struggles to escape constriction.
Your ball python bites the worm.
Your ball python constricts the worm.
The worm dies!
Casting: Sticks to Snakes (safe; 11% risk of failure)
Confirm with . or Enter, or press ? or * to list all spells.
You create a snake!
You now have 27 arrows.
* * * LOW HITPOINT WARNING * * *
You feel sick. The adder bites you.
* * * LOW HITPOINT WARNING * * *
The adder barely misses you.
Your ball python closely misses the adder.
Your ball python grabs the adder.
Your ball python constricts the adder.
Your ball python bites the adder.
The adder bites your ball python.
Your ball python dies!
The adder hisses angrily.
You closely miss the adder.
The adder is severely wounded.
You die...

#.......#####
#...........#
#.......###.#
###...### #.#
..........#
#.##
######....#
#..# #####.#.##
##.#
#........## #.#
.###.#@#.###.#
.##S##<##.#
#.#.###S###.#.#
#............#
#....†.###.###
+.......#.##
###...#..#
.......##
#....##.#


You could see an adder and a friendly ball python.

Vanquished Creatures
  A gnoll (D:1)
  A dart slug (D:1)
  A giant cockroach (D:1)
  5 goblins (D:1)
  4 hobgoblins (D:1)
  3 jackals (D:1)
  4 kobolds (D:1)
  3 bats (D:1)
  A frilled lizard (D:1)
  3 rats
26 creatures vanquished.

Vanquished Creatures (collateral kills)
  An adder (D:2)
  A worm (D:2)
2 creatures vanquished.

Grand Total: 28 creatures vanquished

Notes
Turn   | Place    | Note
-------+----------+-------------------------------------------
     0 | D:1      | Mgcat the Draconian Transmuter began the quest for the Orb.
     0 | D:1      | Reached XP level 1. HP: 16/16 MP: 3/3
   257 | D:1      | Reached XP level 2. HP: 19/23 MP: 0/5
   475 | D:1      | Learned a level 2 spell: Sticks to Snakes
   587 | D:1      | Reached XP level 3. HP: 22/28 MP: 4/6
   592 | D:1      | Learned a level 3 spell: Spider Form
   998 | D:2      | HP: 5/28 [worm (6)]
  1002 | D:2      | HP: 1/28 [adder (3)]
  1005 | D:2      | Succumbed to an adder's poison

Vault maps used:
D:1:      lemuel_arrival_muddy
D:2:      nrook_uturn

Action                   || total
-------------------------++-------
Melee: Unarmed           ||    91
       Tailslap          ||    10
       Headbutt          ||     2
       Punch             ||     1
       Kick              ||     5
 Cast: Beastly Appendage ||    14
       Sticks to Snakes  ||     3
  Eat: Chunk             ||     1
Armor: Skin              ||    33
Dodge: Dodged            ||    75

Table legend:
 A = Spawn XP
 B = Non-spawn XP
 C = Spawn XP percentage of total XP
 D = Spawn monster count
 E = Non-spawn monster count
 F = Spawn count percentage of total count
 G = Total turns spent on level
                    A         B        C        D         E        F      G
               +---------+---------+-------+---------+---------+-------+---------
         Total |       0 |      70 |   0.0 |       0 |      28 |   0.0 |  1005
               +---------+---------+-------+---------+---------+-------+---------
           D:1 |       0 |      58 |   0.0 |       0 |      25 |   0.0 |   915
           D:2 |       0 |      12 |   0.0 |       0 |       3 |   0.0 |    90
               +---------+---------+-------+---------+---------+-------+---------

Vault maps used:
D:1:      lemuel_arrival_muddy
D:2:      nrook_uturn

Table legend:
 A = Turns spent in this place as a percentage of turns spent in the entire game.
 B = Non-inter-level travel turns spent in this place as a percentage of non-inter-level travel turns spent in the entire game.
 C = Inter-level travel turns spent in this place as a percentage of turns spent in this place.
 D = Turns resting spent in this place as a percentage of non-inter-level travel turns spent in this place.
 E = Turns spent auto-exploring this place as a percentage of non-inter-level travel turns spent in this place.
 F = Non-inter-level travel turns spent in this place divided by the number of levels of this place that you've seen.
                   A       B       C       D       E      F
               +-------+-------+-------+-------+-------+----------------------
         Total | 100.0 | 100.0 |   2.5 |   0.0 |  76.8 | 490.0
       Dungeon | 100.0 | 100.0 |   2.5 |   0.0 |  76.8 | 490.0
               +-------+-------+-------+-------+-------+----------------------

Table legend:
 A = Kills in this place as a percentage of kills in entire the game.
 B = Kills by you in this place as a percentage of kills by you in the entire game.
 C = Kills by friends in this place as a percentage of kills by friends in the entire game.
 D = Other kills in this place as a percentage of other kills in the entire game.
 E = Experience gained in this place as a percentage of experience gained in the entire game.
 F = Experience gained in this place divided by the number of levels of this place that you have seen.
                   A       B       C       D       E      F
               +-------+-------+-------+-------+-------+----------------------
         Total | 100.0 | 100.0 | 100.0 |   N/A | 100.0 |  35.0
       Dungeon | 100.0 | 100.0 | 100.0 |   N/A | 100.0 |  35.0
               +-------+-------+-------+-------+-------+----------------------
